 Dungeon Crawl Stone Soup version 0.23-a0-386-g9c9d49f623 (webtiles) character file.

290375 LostNumber the Slayer (level 21, -28/150 HPs)
             Began as a Kobold Assassin on Oct 29, 2018.
             Was the Champion of Makhleb.
             Killed from afar by a shadow dragon (36 damage)
             ... with a bolt of negative energy
             ... on level 3 of the Vaults.
             The game lasted 03:35:13 (67667 turns).

LostNumber the Slayer (Kobold Assassin)            Turns: 67667, Time: 03:35:13

Health: -28/150    AC: 16    Str: 16    XL:     21   Next: 63%
Magic:  32/32      EV: 17    Int: 15    God:    Makhleb [******]
Gold:   1751       SH:  6    Dex: 16    Spells: 16/20 levels left

rFire    . . .     SeeInvis .   a - +9 quick blade (venom)
rCold    . . .     Gourm    .   v - +2 buckler {reflect}
rNeg     . . .     Faith    +   f - +0 swamp dragon scales
rPois    +         Spirit   .   I - +1 helmet
rElec    .         Reflect  +   x - +0 cloak {+Inv}
rCorr    .         Harm     .   (no gloves)
MR       ++...                  t - +1 pair of boots {Fly}
Stlth    +++.......             H - amulet of faith
HPRegen  0.35/turn              J - ring of protection from magic
MPRegen  0.23/turn              L - +4 ring of protection

@: flying, extremely drained
A: small, carnivore
}: 2/15 runes: decaying, serpentine
a: Minor Destruction, Lesser Servant of Makhleb, Major Destruction, Greater
Servant of Makhleb, Renounce Religion, Evoke Invisibility, Stop Flying


You were on level 3 of the Vaults.
You worshipped Makhleb.
Makhleb was exalted by your worship.
You were completely stuffed.

You visited 6 branches of the dungeon, and saw 34 of its levels.
You also visited: Sewer.

You collected 3585 gold pieces.
You spent 1834 gold pieces at shops.

Inventory:

Hand Weapons
 a - a +9 quick blade of venom (weapon)
 b - a +0 blowgun
Missiles
 e - 93 poisoned needles
 M - 10 needles of confusion
 P - 4 curare-tipped needles
Armour
 f - +0 swamp dragon scales (worn)
 j - the +11 plate armour "Yzxuowk" {rF+}
   (You found it on level 2 of the Vaults)

   It protects you from fire.
 t - a +1 pair of boots of flying (worn)
 v - a +2 buckler of reflection (worn)
 x - a +0 cloak of invisibility (worn)
 I - a +1 helmet (worn)
Jewellery
 H - an amulet of faith (around neck)
 J - a ring of protection from magic (left hand)
 L - a +4 ring of protection (right hand)
Wands
 h - a wand of disintegration (22)
 q - a wand of polymorph (38)
 r - a wand of digging (32)
 A - a wand of clouds (4)
 F - a wand of enslavement (9)
 S - a wand of acid (28)
 T - a wand of paralysis (22)
 U - a wand of iceblast (12)
 Y - a wand of flame (60)
Scrolls
 i - 16 scrolls of remove curse
 m - 7 scrolls of immolation
 n - 7 scrolls of fear
 o - 3 scrolls of fog
 w - 16 scrolls of teleportation
 y - a scroll of identify
 E - 4 scrolls of magic mapping
 V - 2 scrolls of silence
 W - 2 scrolls of summoning
 X - 7 scrolls of blinking
Potions
 d - 2 potions of lignification
 k - a potion of resistance
 l - 2 potions of mutation
 p - a potion of ambrosia
 s - 5 potions of haste
 u - a potion of magic
 z - 3 potions of might
 B - 3 potions of brilliance
 C - 4 potions of agility
 D - 9 potions of curing
 G - 7 potions of heal wounds
 N - a potion of berserk rage
 O - 2 potions of invisibility
 R - 4 potions of cancellation
Miscellaneous
 c - a phial of floods
 K - a box of beasts
 Z - a phantom mirror
Comestibles
 g - 45 rations
 Q - 2 chunks of flesh


   Skills:
 + Level 21.6(10.8) Fighting
 - Level 10.0(1.6) Short Blades
   Level 9.1(0.9) Maces & Flails
 - Level 8.0(0.0) Throwing
 - Level 5.6(0.0) Armour
 + Level 16.6(6.8) Dodging
 + Level 15.9(6.2) Stealth
 - Level 5.6(0.0) Shields
 - Level 5.0(0.0) Transmutations
 - Level 5.0(0.0) Earth Magic
 - Level 10.6(2.0) Invocations
 + Level 15.6(6.0) Evocations


You had 16 spell levels left.
You knew the following spells:

 Your Spells              Type           Power        Failure   Level  Hunger
a - Passwall              Tmut/Erth      #.......     78%         2    ###....
b - Blink                 Tloc           N/A          78%         2    ###....

Your spell library contained the following spells:

 Spells                   Type           Power        Failure   Level  Hunger
 Animate Skeleton         Necr           N/A          65%         1    ##.....
 Apportation              Tloc           #.....       65%         1    ##.....
 Confusing Touch          Hex            #.....       65%         1    ##.....
 Corona                   Hex            #......      65%         1    ##.....
 Magic Dart               Conj           #...         65%         1    ##.....
 Sandblast                Erth           #.....       65%         1    ##.....
 Summon Small Mammal      Summ           #...         65%         1    ##.....
 Call Imp                 Summ           #.......     78%         2    ###....
 Ensorcelled Hibernation  Hex/Ice        #.....       78%         2    ###....
 Poisonous Vapours        Pois/Air       #.....       78%         2    ###....
 Slow                     Hex            #.......     78%         2    ###....
 Call Canine Familiar     Summ           #.......     95%         3    ####...
 Confuse                  Hex            #.......     95%         3    ####...
 Conjure Flame            Conj/Fire      #.......     95%         3    ####...
 Dazzling Spray           Conj/Hex       #.....       95%         3    ####...
 Gell's Gravitas          Tloc           #.........   95%         3    ####...
 Inner Flame              Hex/Fire       #.......     95%         3    ####...
 Mephitic Cloud           Conj/Pois/Air  #.......     95%         3    ####...
 Portal Projectile        Hex/Tloc       #.....       95%         3    ####...
 Stone Arrow              Conj/Erth      #.....       95%         3    ####...
 Summon Guardian Golem    Hex/Summ       #.......     95%         3    ####...
 Tukima's Dance           Hex            #.......     95%         3    ####...
 Cause Fear               Hex            #.........   100%        4    #####..
 Leda's Liquefaction      Hex/Erth       #.........   100%        4    #####..
 Petrify                  Tmut/Erth      #.......     100%        4    #####..
 Summon Ice Beast         Ice/Summ       #.......     100%        4    #####..
 Summon Lightning Spire   Summ/Air       #.......     100%        4    #####..
 Lee's Rapid Deconstruct  Erth           #.........   100%        5    ######.
 Metabolic Englaciation   Hex/Ice        #.........   100%        5    ######.
 Yara's Violent Unravell  Hex/Tmut       #.........   100%        5    ######.
 Freezing Cloud           Conj/Ice/Air   #.........   100%        6    #######
 Ring of Flames           Chrm/Fire      #.........   100%        7    #######


Dungeon Overview and Level Annotations

Branches:
Dungeon (15/15)            Temple (0/1) D:5            Lair (6/6) D:9
  Swamp (4/4) Lair:4        Snake (4/4) Lair:4        Slime (0/5) Lair:5
    Orc (2/2) D:12            Elf (0/3) Orc:2        Vaults (3/5) D:13
  Crypt (0/3) Vaults:2
 Depths: D:15

Altars:
Elyvilon
Kikubaaqudgha
Makhleb
Nemelex Xobeh
Ru
Trog
Uskayaw
Wu Jian
Xom
The Shining One
Beogh
Jiyva

Shops:
D:8 (   Orc:1 (   Orc:2 ([?=*   Snake:4 [}=}   Vaults:2 (

Annotations:
D:9 2 runed doors, derval's ghost, novice MfIE
D:15 exclusion: Roxanne, Roxanne; Rupert
Lair:1 exclusion: oklob plant
Swamp:1 3 runed doors, Azzok's ghost, journeyman DsFE; Rasam's ghost, adept MiBe; Ykuraf's ghost, adept GnWr
Swamp:4 Lernaean hydra
Orc:2 3 runed doors, SnubMonkey's ghost, journeyman FeEn; twirl's ghost, journeyman MiBe
Vaults:1 exclusion: door


Innate Abilities, Weirdness & Mutations

You are small and have problems with some larger weapons.
You are carnivorous and can eat meat at any time.


Message History

The deep elf high priest calls down the wrath of its god upon you.
Something smites you!
* * * LOW HITPOINT WARNING * * *
The orc hits you but does no damage.
The shadow dragon breathes negative energy at you.
The bolt of negative energy misses you.
You hear a shout!
You feel much better. The shadow dragon bites you.
* * * LOW HITPOINT WARNING * * *
You feel drained. The shadow dragon misses you. The shadow dragon claws you.
* * * LOW HITPOINT WARNING * * *
The orc hits you but does no damage. The orc knight completely misses you.
Unknown command.
You block the orc knight's attack.
The deep elf high priest mumbles some strange prayers to its god against you.
Something smites you!
* * * LOW HITPOINT WARNING * * *
The shadow dragon breathes negative energy at you.
The bolt of negative energy hits you!
You feel drained.
You die...

.........# #.##.##.#..##.#
.........# #.......#..#.#.
.........# #.##.##.'...#.#
.........# #.##.##.#..#.#.
###'###### #.......#..##.#
##..#######################..###.
.................# #>.....
.................# #......
################@# #'###''
........#oD..# #####..##..
......HT'Goh.# #...#..##..
.....eWL#.o..# #.#.#..##..
.......T###### #...##.##..
.....o..# ##.#.#..##.. ........+
#.......##.. o.......#
#.......#### ........# #.......#


You could see a shadow dragon, a sphinx, a lich, an orc knight, a glowing orange
brain, a deep elf high priest, a freezing wraith, a troll, a warg and 2 orcs.

Vanquished Creatures
  Vashnia (Snake:2)
  Saint Roka (Orc:2)
  The ghost of WhatIsLove the Tortoise, an adept HOFi of Beogh (Snake:4)
  A sphinx (Vaults:1)
  Kirke (D:11)
  9 nagarajas
  A frost giant (Vaults:3)
  An orc warlord (Orc:2)
  6 vault wardens
  A ghoul (Vaults:3)
  5 ironheart preservers
  An entropy weaver (Vaults:3)
  6 stone giants
  A deep elf demonologist (Vaults:1)
  2 deep elf annihilators
  An ettin (Orc:1)
  A fire dragon (Vaults:1)
  5 yaktaur captains
  A great orb of eyes (Vaults:3)
  Erolcha (D:12)
  7 vault guards
  15 hydras
  3 ice dragons
  The ghost of Flugkiller the Slicer, a journeyman KoAM of Okawaru (Lair:4)
  11 naga warriors
  2 rakshasas
  2 shambling mangroves (Swamp:3)
  2 ghost crabs
  3 death knights
  7 ogre magi
  An anaconda (shapeshifter) (Vaults:2)
  5 centaur warriors
  5 anacondas
  A tengu warrior (D:13)
  4 death yaks (Lair:4)
  20 two-headed ogres
  9 alligators
  2 deep troll shamans (Vaults:3)
  2 titan zombies (Orc:1)
  2 orc high priests (Orc:2)
  3 shock serpents
  17 naga sharpshooters
  6 deep elf knights
  8 skeletal warriors
  3 salamander mystics
  A fire crab (D:11)
  A death drake (shapeshifter) (Vaults:1)
  A deep troll (shapeshifter) (Vaults:3)
  2 flayed ghosts
  2 unseen horrors
  2 spriggan druids (Swamp:3)
  2 deep trolls
  11 swamp dragons
  8 naga ritualists
  2 phantasmal warriors (Vaults:3)
  5 wizards
  10 ironbrand convokers
  A deep elf archer (Vaults:2)
  11 mana vipers
  5 harpies (Vaults:2)
  2 necromancers
  10 orc knights
  A wolf spider zombie (D:14)
  7 deep elf magi
  5 wolf spiders
  3 orc sorcerers
  10 salamanders
  19 ugly things
  7 komodo dragons
  2 centaur zombies
  20 cyclopes
  45 black mambas
  20 naga magi
  2 guardian serpents
  8 vault sentinels
  2 gargoyles
  13 spiny frogs
  An efreet (D:13)
  7 rime drakes
  5 freezing wraiths
  28 yaktaurs
  4 tengu conjurers
  3 meliai (Lair:5)
  10 tyrant leeches
  2 polar bears (shapeshifter)
  5 trolls
  3 polar bears
  A hornet (shapeshifter) (Vaults:1)
  8 blink frogs
  12 hornets
  A meliai zombie (D:13)
  9 bog bodies
  4 dream sheep
  A blink frog (shapeshifter) (Vaults:3)
  15 slime creatures
  18 hippogriffs
  A human simulacrum (Vaults:2)
  A tarantella (shapeshifter) (Vaults:2)
  45 yaks
  3 shadows
  15 spriggans
  2 tarantellas (Vaults:3)
  10 wyverns
  3 redbacks
  4 wraiths
  10 basilisks
  3 hogs
  2 hungry ghosts (D:10)
  19 vampire mosquitoes
  21 humans
  Menkaure (D:7)
  11 wargs
  42 nagas
  7 swamp worms
  11 insubstantial wisps
  An acid dragon (D:14)
  30 water moccasins
  14 swamp drakes
  12 porcupines
  An eye of draining (D:14)
  41 orc warriors
  2 ice beasts
  2 black bears
  A sky beast (D:11)
  2 phantoms
  28 ogres
  6 boggarts (Vaults:3)
  20 wolves
  4 centaurs
  10 crocodiles
  6 big kobolds
  A wyvern zombie (D:8)
  18 bullfrogs
  2 cyclops zombies (Orc:1)
  A wyvern skeleton (D:12)
  9 scorpions
  54 killer bees
  4 wights (D:12)
  A howler monkey (D:4)
  2 electric eels (D:14)
  9 crimson imps
  3 bullfrog zombies
  A lava snake (Lair:2)
  33 orc priests
  27 orc wizards
  A gnoll shaman (D:6)
  3 hounds
  2 bullfrog skeletons
  5 centaur skeletons
  3 jellies
  3 iguanas
  10 worker ants
  A bullfrog simulacrum (D:8)
  A hound zombie (D:8)
  3 worker ant zombies
  A howler monkey skeleton (D:8)
  13 adders
  7 gnolls
  A shadow imp (D:13)
  2 white imps (D:8)
  An ufetubus (D:8)
  6 oozes
  2 adder zombies
  A worm (D:3)
  2 dart slugs
  6 leopard geckos
  120 orcs
  2 ball pythons (Sewer)
  16 bats
  9 giant cockroaches
  19 goblins
  12 hobgoblins
  2 jackals (D:5)
  2 quokkas
  8 frilled lizards
  32 kobolds
  A leopard gecko simulacrum (D:8)
  A leopard gecko zombie (D:3)
  8 rats
  3 fungi (Lair:6)
1430 creatures vanquished.

Vanquished Creatures (collateral kills)
  the Lernaean hydra (Swamp:4)
  A great orb of eyes (Vaults:2)
  A fire dragon (Vaults:1)
  A catoblepas (Lair:6)
  5 hydras
  3 alligators (Swamp:2)
  3 swamp dragons
  An ugly thing (D:11)
  A naga mage (Snake:4)
  3 black mambas
  5 spiny frogs
  A troll (D:11)
  A tyrant leech (Swamp:3)
  A bog body (Swamp:1)
  A hornet (Swamp:3)
  2 hippogriffs (Lair:6)
  4 blink frogs (Lair:3)
  A dream sheep (Lair:3)
  A wyvern (Lair:6)
  7 yaks
  3 fire bats (Lair:2)
  2 basilisks (Lair:6)
  A swamp worm (Swamp:2)
  An acid dragon (D:11)
  4 water moccasins
  2 orc warriors
  A black bear (D:10)
  3 ogres
  A swamp drake (Swamp:2)
  3 wolves (Lair:4)
  4 bullfrogs
  8 wights
  A hound (D:9)
  An orc wizard (D:9)
  An ufetubus (D:8)
  3 orcs (D:9)
83 creatures vanquished.

Vanquished Creatures (others)
  An ogre mage (Vaults:3)
  2 naga sharpshooters
  A cyclops (Orc:1)
  A freezing wraith (Vaults:2)
  3 yaktaurs
  A human (D:12)
  A hungry ghost (D:12)
  An ogre (Vaults:2)
  A kobold (D:13)
  29 fungi
  37 plants
  6 withered plants
84 creatures vanquished.

Grand Total: 1597 creatures vanquished

Notes
Turn   | Place    | Note
-------+----------+-------------------------------------------
     0 | D:1      | LostNumber the Kobold Assassin began the quest for the Orb.
     0 | D:1      | Reached XP level 1. HP: 12/12 MP: 1/1
    98 | D:1      | Reached XP level 2. HP: 18/18 MP: 2/2
   265 | D:1      | Reached XP level 3. HP: 20/22 MP: 3/3
   709 | D:1      | Reached skill level 3 in Fighting
   868 | D:2      | Reached XP level 4. HP: 21/28 MP: 4/4
  1223 | D:2      | Found a burning altar of Makhleb.
  1223 | D:2      | Found a shimmering altar of Xom.
  1249 | D:2      | Became a worshipper of Makhleb the Destroyer
  1456 | D:2      | Reached skill level 5 in Short Blades
  1983 | D:3      | Reached skill level 1 in Invocations
  1983 | D:3      | Reached XP level 5. HP: 32/32 MP: 5/5
  2588 | D:3      | Reached XP level 6. HP: 24/38 MP: 7/7
  2837 | D:3      | Reached * piety under Makhleb
  3308 | D:4      | Reached skill level 4 in Fighting
  3317 | D:4      | Got an encrusted chain mail
  3334 | D:4      | Identified the +1 chain mail "Liluopups" {rElec Dex+4} (You
                  | found it on level 4 of the Dungeon)
  3424 | D:4      | Reached XP level 7. HP: 28/43 MP: 7/9
  4743 | D:4      | Reached XP level 8. HP: 28/48 MP: 10/10
  5054 | D:5      | Entered Level 5 of the Dungeon
  5305 | D:5      | Reached skill level 5 in Fighting
  5432 | D:5      | Reached ** piety under Makhleb
  5621 | D:5      | Found a staircase to the Ecumenical Temple.
  6269 | D:6      | Found a glowing drain.
  6304 | Sewer    | Entered a sewer
  6566 | Sewer    | Reached XP level 9. HP: 44/55 MP: 12/12
  6679 | D:6      | Found a glowing golden altar of the Shining One.
  6788 | D:6      | Found a hide-covered altar of Uskayaw.
  6799 | D:6      | Reached skill level 6 in Fighting
  7011 | D:6      | Reached skill level 10 in Short Blades
  7049 | D:5      | Reached skill level 5 in Invocations
  7633 | D:6      | Reached *** piety under Makhleb
  7785 | D:7      | Reached skill level 5 in Throwing
  7982 | D:7      | Found an ancient bone altar of Kikubaaqudgha.
  7993 | D:7      | Found a sparkling altar of Nemelex Xobeh.
  8186 | D:7      | Noticed Menkaure
  8202 | D:7      | Killed Menkaure
  8246 | D:7      | Reached skill level 7 in Fighting
  8617 | D:7      | Found a white marble altar of Elyvilon.
  8620 | D:7      | Found an ornate altar of the Wu Jian Council.
  8623 | D:7      | Found a sacrificial altar of Ru.
  8846 | D:7      | Reached XP level 10. HP: 33/63 MP: 13/13
  9642 | D:8      | Found Qiwidgh's Weapon Shoppe.
  9673 | D:8      | Reached **** piety under Makhleb
  9894 | D:8      | Reached skill level 5 in Dodging
 10189 | D:8      | Got a polished ring mail
 10200 | D:8      | Identified the cursed +1 ring mail of Omission {rN+++ rCorr
                  | MP-9 Dex+3} (You found it on level 8 of the Dungeon)
 10436 | D:9      | Reached skill level 8 in Fighting
 10436 | D:9      | Reached skill level 1 in Maces & Flails
 10488 | D:9      | Found a staircase to the Lair.
 10849 | D:9      | Found a runed gate.
 10849 | D:9      | Found a runed gate.
 10849 | D:9      | Found a runed gate.
 10849 | D:9      | Noticed derval's ghost (novice MfIE)
 10850 | D:9      | Noticed an 11-headed hydra
 11638 | D:10     | Entered Level 10 of the Dungeon
 11722 | D:10     | Reached XP level 11. HP: 31/69 MP: 5/14
 12642 | D:10     | Reached skill level 9 in Fighting
 13022 | Lair:1   | Entered Level 1 of the Lair of Beasts
 13030 | Lair:1   | Noticed an oklob plant
 13069 | Lair:1   | Reached skill level 5 in Maces & Flails
 13360 | Lair:1   | Noticed a four-headed hydra
 13380 | Lair:1   | Killed a four-headed hydra
 14772 | Lair:2   | Reached skill level 1 in Armour
 14961 | Lair:1   | Reached XP level 12. HP: 56/77 MP: 6/15
 15309 | Lair:2   | Reached skill level 10 in Fighting
 15416 | Lair:2   | Got a fine robe
 15417 | Lair:2   | Identified the +1 robe of the Nexus {Int+3 Slay+3} (You
                  | found it on level 2 of the Lair of Beasts)
 16091 | Lair:2   | Noticed a seven-headed hydra
 16104 | Lair:2   | Killed a seven-headed hydra
 17331 | Lair:3   | Noticed a seven-headed hydra
 17651 | Lair:2   | Killed a seven-headed hydra
 18942 | Lair:2   | Identified a scroll of acquirement
 19252 | Lair:4   | Reached skill level 11 in Fighting
 19256 | Lair:4   | Found a staircase to the Snake Pit.
 19275 | Lair:4   | Reached skill level 1 in Evocations
 19297 | Lair:4   | Reached XP level 13. HP: 84/84 MP: 7/16
 19464 | Lair:4   | Noticed a five-headed hydra
 19478 | Lair:4   | Killed a five-headed hydra
 19780 | Lair:4   | Found a runed gate.
 19781 | Lair:4   | Found a runed gate.
 19782 | Lair:4   | Found a runed gate.
 19786 | Lair:4   | Noticed Flugkiller's ghost (journeyman KoAM)
 19788 | Lair:4   | Noticed a seven-headed hydra
 19922 | Lair:4   | Reached skill level 10 in Stealth
 20028 | Lair:4   | Found a staircase to the Swamp.
 21217 | D:10     | Reached skill level 12 in Fighting
 21880 | D:11     | Reached skill level 5 in Evocations
 22747 | D:11     | Reached skill level 5 in Armour
 22769 | D:11     | Noticed Sonja
 22780 | D:11     | Noticed Sonja
 22780 | D:11     | Sonja changed into Sonja the acid dragon
 22787 | D:11     | Killed Sonja the acid dragon
 23134 | D:12     | Noticed Kirke
 23310 | D:11     | Killed Kirke
 23460 | D:12     | Found a roughly hewn altar of Beogh.
 23460 | D:12     | Found a staircase to the Orcish Mines.
 23541 | D:12     | Reached XP level 14. HP: 76/92 MP: 8/17
 23706 | D:12     | Noticed Erolcha
 23720 | D:12     | Killed Erolcha
 23825 | D:12     | Reached skill level 13 in Fighting
 24307 | D:12     | Found a bloodstained altar of Trog.
 24853 | D:13     | Reached skill level 1 in Shields
 25133 | D:13     | Reached skill level 10 in Dodging
 25148 | D:13     | Reached ***** piety under Makhleb
 25341 | D:13     | Found a gate to the Vaults.
 26966 | D:14     | Reached skill level 14 in Fighting
 27402 | D:14     | Reached XP level 15. HP: 100/100 MP: 9/18
 27713 | D:15     | Entered Level 15 of the Dungeon
 27909 | D:14     | Reached skill level 5 in Shields
 28305 | D:15     | Identified Roxanne's Reference Book on the Rocks
 28305 | D:15     | Noticed Roxanne
 28610 | D:15     | Noticed Rupert
 29557 | Lair:4   | Reached skill level 15 in Fighting
 29985 | Lair:5   | Found a viscous altar of Jiyva.
 29985 | Lair:5   | Found a staircase to the Slime Pits.
 30482 | Lair:6   | Entered Level 6 of the Lair of Beasts
 32055 | Lair:5   | Reached ****** piety under Makhleb
 33014 | Lair:6   | Reached XP level 16. HP: 104/110 MP: 12/21
 33611 | Lair:5   | Reached skill level 16 in Fighting
 34080 | Swamp:1  | Entered Level 1 of the Swamp
 35180 | Swamp:1  | Found a runed gate.
 35180 | Swamp:1  | Found a runed gate.
 35181 | Swamp:1  | Found a runed gate.
 35182 | Swamp:1  | Noticed Azzok's ghost (journeyman DsFE)
 35183 | Swamp:1  | Noticed Ykuraf's ghost (adept GnWr)
 35184 | Swamp:1  | Noticed Rasam's ghost (adept MiBe)
 37470 | Swamp:2  | Reached skill level 10 in Invocations
 38598 | Swamp:3  | Reached skill level 17 in Fighting
 39257 | Swamp:4  | Entered Level 4 of the Swamp
 39987 | Snake:1  | Entered Level 1 of the Snake Pit
 40086 | Lair:4   | Reached XP level 17. HP: 53/119 MP: 24/24
 41233 | Snake:1  | Reached skill level 18 in Fighting
 42418 | Orc:1    | Entered Level 1 of the Orcish Mines
 42975 | Orc:1    | Found Oshasygu's Antique Weapon Shoppe.
 43712 | Orc:2    | Entered Level 2 of the Orcish Mines
 44355 | Orc:1    | Got a shimmering short sword
 44361 | Orc:1    | Got a shimmering morningstar
 44364 | Orc:1    | Got a dazzling lajatang
 44365 | Orc:1    | Identified the +7 short sword "Naxzenki" {drain, rC+} (You
                  | found it on level 1 of the Orcish Mines)
 44367 | Orc:1    | Identified the cursed +1 morningstar of Saltpetre {drain,
                  | rElec rPois Dex-5 Stlth+} (You found it on level 1 of the
                  | Orcish Mines)
 44372 | Orc:1    | Got a warped falchion
 44373 | Orc:1    | Identified the cursed +1 falchion of Pifuug {venom, rPois
                  | MR- Dex+2} (You found it on level 1 of the Orcish Mines)
 44471 | Orc:1    | Reached skill level 19 in Fighting
 44786 | Orc:2    | Noticed Saint Roka
 45516 | Orc:2    | Killed Saint Roka
 45766 | Orc:2    | Found Pomod's Antique Armour Shop.
 45767 | Orc:2    | Found a roughly hewn altar of Beogh.
 45770 | Orc:2    | Found Sivymufuj's Antique Weapon Boutique.
 45828 | Orc:2    | Found a runed gate.
 45833 | Orc:2    | Found a runed gate.
 45883 | Orc:2    | Found a roughly hewn altar of Beogh.
 45896 | Orc:2    | Found Niupi's Jewellery Shoppe.
 46050 | Orc:2    | Bought a +4 ring of protection for 504 gold pieces
 46100 | Orc:2    | Found a roughly hewn altar of Beogh.
 46201 | Orc:2    | Found a staircase to the Elven Halls.
 46207 | Orc:2    | Found Tynn's General Store.
 46221 | Orc:2    | Bought a scroll of enchant armour for 82 gold pieces
 46362 | Orc:2    | Found a roughly hewn altar of Beogh.
 46389 | Orc:2    | Found Qujukh's Magic Scroll Boutique.
 46394 | Orc:2    | Bought a scroll of teleportation for 54 gold pieces
 46394 | Orc:2    | Bought a scroll of teleportation for 54 gold pieces
 46394 | Orc:2    | Bought a scroll of blinking for 135 gold pieces
 46394 | Orc:2    | Bought a scroll of fear for 63 gold pieces
 46788 | Orc:2    | Found a roughly hewn altar of Beogh.
 46853 | Orc:2    | Found a roughly hewn altar of Beogh.
 46955 | Orc:2    | Found a roughly hewn altar of Beogh.
 46963 | Orc:2    | Found a runed gate.
 46966 | Orc:2    | Noticed SnubMonkey's ghost (journeyman FeEn)
 46967 | Orc:2    | Noticed twirl's ghost (journeyman MiBe)
 47045 | Orc:2    | Found a roughly hewn altar of Beogh.
 47179 | Orc:2    | Bought a runed cloak for 247 gold pieces
 48074 | Swamp:4  | Noticed the 27-headed Lernaean hydra
 48423 | Swamp:4  | Killed the 27-headed Lernaean hydra
 48423 | Swamp:4  | Reached XP level 18. HP: 112/128 MP: 25/25
 48843 | Swamp:4  | Got a decaying rune of Zot
 49330 | Lair:4   | Killed Flugkiller's ghost
 49353 | Lair:4   | Got a shimmering zirconium amulet
 49358 | Lair:4   | Identified the amulet "Fyjowiro" {Spirit *Corrode rF+ MP+9}
                  | (You found it on level 4 of the Lair of Beasts)
 49542 | Snake:2  | Noticed Vashnia
 50565 | Snake:2  | Killed Vashnia
 51498 | Snake:1  | Reached skill level 10 in Evocations
 52372 | Snake:3  | Reached skill level 20 in Fighting
 52625 | Snake:4  | Entered Level 4 of the Snake Pit
 52944 | Snake:4  | Found Ynuffug's Gadget Shop.
 52956 | Snake:4  | Found Desibb's Jewellery Emporium.
 52957 | Snake:4  | Found Innus's Gadget Shop.
 52963 | Snake:4  | Bought a wand of paralysis (12) for 182 gold pieces
 52963 | Snake:4  | Bought a wand of clouds (5) for 351 gold pieces
 52967 | Snake:4  | Bought a wand of paralysis (7) for 162 gold pieces
 53057 | Snake:4  | Found a large runed door.
 53057 | Snake:4  | Found a large runed door.
 53058 | Snake:4  | Noticed WhatIsLove's ghost (adept HOFi)
 53287 | Snake:4  | Killed WhatIsLove's ghost
 53287 | Snake:4  | Reached XP level 19. HP: 135/135 MP: 27/27
 55786 | Snake:4  | Found Duliriyr's Antique Armour Shop.
 56318 | Snake:3  | Learned a level 2 spell: Passwall
 56321 | Snake:3  | Learned a level 2 spell: Blink
 56746 | Snake:4  | Reached skill level 1 in Transmutations
 56746 | Snake:4  | Reached skill level 1 in Earth Magic
 58046 | Snake:4  | Got a serpentine rune of Zot
 58538 | Vaults:1 | Entered Level 1 of the Vaults
 58540 | Vaults:1 | Got an iridescent dagger
 60198 | Vaults:1 | Reached XP level 20. HP: 142/142 MP: 28/30
 61996 | Vaults:2 | Reached skill level 5 in Earth Magic
 62105 | Vaults:2 | Reached skill level 5 in Transmutations
 62113 | Vaults:2 | Reached skill level 15 in Dodging
 62752 | Vaults:2 | Reached skill level 21 in Fighting
 64451 | Vaults:2 | Found Ysuess's Antique Weapon Shop.
 64510 | Vaults:2 | Found a staircase to the Crypt.
 64546 | Vaults:2 | Got a bronze plate armour
 64557 | Vaults:2 | Identified the +11 plate armour "Yzxuowk" {rF+} (You found
                  | it on level 2 of the Vaults)
 64939 | Vaults:3 | Reached XP level 21. HP: 148/148 MP: 32/32
 65011 | Vaults:3 | Reached skill level 15 in Stealth
 65031 | Vaults:3 | Reached skill level 15 in Evocations
 67661 | Vaults:3 | Noticed a lich
 67663 | Vaults:3 | HP: 2/150 [shadow dragon/bolt of negative energy (55)]
 67667 | Vaults:3 | Killed from afar by a shadow dragon

Vault maps used:
D:1:      lemuel_arrival_cross
D:2:      cheibrodos_greedy_goblins, grunt_temple_overflow_open,
          serial_co_window_serial, co_window_paths_a, co_window_corner_a,
          co_window_paths_b, co_window_paths_b, co_window_paths_b,
          co_window_2corner, co_window_corner_b, co_window_broadway_a,
          glass_columns_a, glass_columns_a
D:3:      cheibrodos_helix_gallery, first_ration, serial_undead,
          serial_undead_d, serial_undead_e, serial_undead_d, serial_undead_d
D:4:      minivault_23
D:5:      minmay_temple_entry_overgrown
D:6:      old_standard_altar, basic_altar, gup_sewer_entry_pipe,
          kennysheep_big_empty_room
D:7:      amethyst_overflow_temple_binary, grunt_temple_overflow_diamond,
          uniq_menkaure
D:8:      serial_shops, shop, serial_ice, serial_ice_e, serial_ice_d,
          serial_ice_g, serial_ice_c
D:9:      erik_lair_orcish_takeover, gammafunk_ghost_hydra_chop
D:10:     hangedman_stone_soup
D:11:     uniq_sonja
D:12:     david_orc_5, trog_ov_bears_minmay, uniq_erolcha, uniq_kirke
D:13:     grunt_vaults_entry_tiered
D:14:     minivault_26, dpeg_stationary_puzzle
D:15:     grunt_enter_depths_hoard, hangedman_abyss_or_decor_stagger,
          special_room, minivault_11, serial_park_tiny_1, serial_park_tiny_2,
          uniq_rupert, uniq_roxanne
Lair:1:   minmay_lair_oklob_chamber
Lair:2:   serial_bayou_lagoon_a
Lair:4:   minmay_swamp_entry_worms, minmay_snake_entry_six_corridors,
          gammafunk_ghost_split
Lair:5:   wad_woods_minihive, dpeg_slime_entry_enclosed_altar,
          small_statue_intersection
Lair:6:   hangedman_lair_tendril_chambers, special_room
Swamp:1:  portal_ice_cave_entry_dragon, gammafunk_ghost_cemetery,
          hangedman_swamp_pad, swamp_pool3
Swamp:2:  nicolae_swamp_treefoil, swamp_pool5
Swamp:3:  nicolae_swamp_trees_clearing, swamp_pool1
Swamp:4:  swamp_old_school, swamp_pool1, evilmike_swamp_ruin_house_4,
          hangedman_swamp_blocks
Snake:2:  uniq_vashnia
Snake:3:  serial_bayou_shore_b
Snake:4:  snake_pit, ebering_ghost_disaster_area, serial_shops, shop,
          minmay_shop_grove
Orc:1:    giant_chief_lemuel, serial_shops, shop_statue
Orc:2:    grunt_orc_community_town_hall, grunt_orc_community_big_house_2,
          grunt_orc_community_big_house_1, grunt_orc_community_house_1,
          grunt_orc_community_house_3, grunt_orc_community_house_2,
          grunt_orc_community_house_1, grunt_orc_community_house_3,
          gammafunk_ghost_cemetery, serial_shops, shop
Vaults:1: kb_rosetta, vaults_mumra_minichess_inversion,
          nicolae_vaults_stairing_the_circle, v_misc_26,
          nicolae_vaults_alarming, nicolae_vaults_twisting_passages, v_misc_12
Vaults:2: st_cells, nicolae_vaults_arrows, v_misc_10, nicolae_vaults_theta,
          ontoclasm_vaults_gateway, v_misc_4, nicolae_vaults_network_barrier,
          vaults_room_mumra_shop_pool, nicolae_vaults_little_squares_4,
          nicolae_vaults_angled_halls
Vaults:3: v_rooms_3, ontoclasm_vaults_ring_small, st_greater_box_5, v_misc_17,
          hangedman_vaults_maws, vaults_room_fours,
          ontoclasm_vaults_decontamination, v_misc_5
Sewer:    kennysheep_pipe_town

Skill      XL: |  1  2  3  4  5  6  7  8  9 10 11 12 13 14 15 16 17 18 19 20 21 |
---------------+----------------------------------------------------------------+-----
Short Blades   | 3 4 5 6 7 8 9 10 | 10.0
Fighting       | 3 4 5 7 8 9 11 12 14 15 17 19 20 21 | 21.6
Invocations    | 1 2 3 4 5 7 10 | 10.6
Throwing       | 3 4 6 7 8 |  8.0
Stealth        | 7 8 9 11 12 14 15 | 15.9
Dodging        | 3 6 8 9 10 12 13 14 15 16 | 16.6
Maces & Flails | 3 6 9 |  9.1
Armour         | 1 4 5 |  5.6
Evocations     | 1 5 6 11 13 14 15 | 15.6
Shields        | 4 5 |  5.6
Transmutations | 3 5 |  5.0
Earth Magic    | 3 5 |  5.0

Action                   |  1- 3 |  4- 6 |  7- 9 | 10-12 | 13-15 | 16-18 | 19-21 || total
-------------------------+-------+-------+-------+-------+-------+-------+-------++-------
Melee: Dagger            |   100 |   241 |   598 |   179 |       |       |       ||  1118
       Flail             |       |       |       |   666 |       |       |       ||   666
       Morningstar       |       |       |       |    35 |       |       |       ||    35
       Quick blade       |       |       |       |    37 |  2661 |  3492 |  3399 ||  9589
       Double sword      |       |       |       |       |    12 |       |       ||    12
 Fire: Blowgun           |       |    12 |    84 |    62 |    11 |    21 |       ||   190
Invok: Lesser Servant of |       |       |       |    25 |    19 |    25 |     6 ||    75
 Abil: Evoke Invisibilit |       |       |       |       |       |    15 |    18 ||    33
Evoke: Wand              |       |       |       |     4 |     8 |    13 |     2 ||    27
       Phantom mirror    |       |       |       |       |       |     1 |       ||     1
  Use: Scroll            |       |     6 |     2 |    22 |     8 |    13 |     3 ||    54
       Potion            |       |       |     2 |     2 |     3 |     6 |     5 ||    18
 Stab: Sleeping          |     9 |    11 |     8 |    13 |    31 |    38 |    27 ||   137
       Distracted        |       |       |       |     4 |    10 |    16 |     3 ||    33
       Confused          |       |       |       |       |     2 |     1 |       ||     3
       Invisible         |       |       |       |       |       |    45 |    92 ||   137
       Paralysed         |       |       |       |       |       |     4 |       ||     4
  Eat: Chunk             |     8 |     7 |    11 |    51 |    50 |    64 |    55 ||   246
       Ration            |       |       |       |       |       |     2 |       ||     2
Armor: Robe              |    16 |     2 |       |       |       |       |       ||    18
       Ring mail         |       |    54 |   117 |   262 |   199 |    32 |       ||   664
       Swamp dragon scal |       |       |       |       |       |   228 |   236 ||   464
Dodge: Dodged            |    51 |   105 |   243 |   822 |   889 |   982 |  1010 ||  4102
       Deflected         |       |       |       |       |     3 |       |       ||     3
Block: Buckler           |       |       |       |       |   166 |   479 |   460 ||  1105
       Reflection        |       |       |       |       |       |    33 |    54 ||    87
       Rpst.: Double sword |       |       |       |       |     1 |       |       ||     1

Table legend:
 A = Non-vault XP
 B = Vault XP
 C = Vault XP percentage of total XP
 D = Non-vault monster count
 E = Vault monster count
 F = Vault count percentage of total count
                 A         B        C        D         E       F
            +---------+---------+-------+---------+---------+-------
      Total |  280095 |  188344 |  40.2 |     989 |     527 |  34.8
            +---------+---------+-------+---------+---------+-------
        D:1 |      57 |       0 |   0.0 |      29 |       0 |   0.0
        D:2 |      28 |      16 |  36.4 |      10 |       8 |  44.4
        D:3 |     164 |      66 |  28.7 |      35 |       6 |  14.6
        D:4 |     682 |       0 |   0.0 |      17 |       0 |   0.0
        D:5 |     516 |       0 |   0.0 |      11 |       0 |   0.0
        D:6 |     847 |      17 |   2.0 |      20 |       7 |  25.9
        D:7 |    1696 |     169 |   9.1 |      33 |       1 |   2.9
        D:8 |     520 |     497 |  48.9 |       9 |       9 |  50.0
        D:9 |    2761 |     323 |  10.5 |      36 |       6 |  14.3
       D:10 |    3055 |     961 |  23.9 |      24 |       4 |  14.3
       D:11 |    6372 |    2348 |  26.9 |      34 |       3 |   8.1
       D:12 |    3167 |    2870 |  47.5 |      22 |      29 |  56.9
       D:13 |   11502 |    7481 |  39.4 |      35 |      25 |  41.7
       D:14 |   15522 |     108 |   0.7 |      49 |       2 |   3.9
       D:15 |    2058 |       0 |   0.0 |       7 |       0 |   0.0
     Lair:1 |    6037 |       0 |   0.0 |      33 |       0 |   0.0
     Lair:2 |    5648 |       0 |   0.0 |      33 |       0 |   0.0
     Lair:3 |    3726 |       0 |   0.0 |      19 |       0 |   0.0
     Lair:4 |    9230 |    6368 |  40.8 |      32 |      33 |  50.8
     Lair:5 |    2511 |    6601 |  72.4 |      12 |      53 |  81.5
     Lair:6 |    7725 |   13277 |  63.2 |      29 |      52 |  64.2
    Swamp:1 |    6619 |     989 |  13.0 |      24 |       1 |   4.0
    Swamp:2 |   12539 |     353 |   2.7 |      29 |       3 |   9.4
    Swamp:3 |    9894 |     703 |   6.6 |      25 |       1 |   3.8
    Swamp:4 |    8778 |   17637 |  66.8 |      20 |      26 |  56.5
    Snake:1 |   16835 |       0 |   0.0 |      34 |       0 |   0.0
    Snake:2 |   17093 |    8763 |  33.9 |      33 |       5 |  13.2
    Snake:3 |   11913 |     835 |   6.6 |      23 |       1 |   4.2
    Snake:4 |   21991 |   31939 |  59.2 |      40 |      44 |  52.4
      Orc:1 |    1309 |   12557 |  90.6 |      15 |      29 |  65.9
      Orc:2 |    4756 |    9484 |  66.6 |      56 |      71 |  55.9
   Vaults:1 |   21977 |   18927 |  46.3 |      51 |      28 |  35.4
   Vaults:2 |   25671 |   25724 |  50.1 |      51 |      35 |  40.7
   Vaults:3 |   36896 |   19092 |  34.1 |      59 |      21 |  26.2
      Sewer |       0 |     239 | 100.0 |       0 |      24 | 100.0
            +---------+---------+-------+---------+---------+-------
